 Dungeon Crawl Stone Soup version 0.27-a0-40-g5f2be0e231 (webtiles) character file.

Game seed: 4718984796116894181

184957 robertstho the Scholar (level 18, -14/140 HPs)
             Began as a Gnoll Ice Elementalist on Jan 5, 2021.
             Was an Elder of Sif Muna.
             Killed from afar by a merfolk aquamancer (32 damage)
             ... with a ball of steam
             ... on level 4 of the Shoals.
             The game lasted 02:02:24 (48952 turns).

robertstho the Scholar (Gnoll Ice Elementalist)    Turns: 48952, Time: 02:02:25

Health: -14/140    AC: 15    Str: 11    XL:     18   Next: 2%
Magic:  12/52      EV: 23    Int: 27    God:    Sif Muna [****..]
Gold:   1231       SH:  5    Dex: 19    Spells: 13/42 levels left

rFire    . . .     SeeInvis .   P - +8 great sword of Harmony {vorpal, Dex+2}
rCold    . . .     Faith    .   (shield currently unavailable)
rNeg     + . .     Spirit   .   B - +2 robe of the Jabberwock {+Fly rElec}
rPois    +         Reflect  +   d - +1 helmet "Newapoug" {MP+9 Int+3 Stlth+}
rElec    +         Harm     .   D - scarf {repulsion}
rCorr    .         Rampage  .   r - +3 pair of gauntlets of War {Slay+5}
Will     +....                  j - +2 pair of boots {Stlth+}
Stlth    +++.......             a - amulet of reflection
HPRegen  0.33/turn              O - ring of magical power
MPRegen  0.33/turn              b - ring of Ataicu {rElec rPois rN+ Slay+2}

@: glowing, repel missiles
A: distributed training, fangs 1, strong nose
}: 1/15 runes: serpentine
a: Renounce Religion, Evoke Flight, Channel Magic, Forget Spell, Divine Exegesis


You were on level 4 of the Shoals.
You worshipped Sif Muna.
Sif Muna was greatly pleased with you.
You visited 6 branches of the dungeon, and saw 32 of its levels.
You also visited: Bailey.

You collected 4141 gold pieces.
You spent 2910 gold pieces at shops.

Inventory:

Hand Weapons
 p - the +1 battleaxe of Massacring {drain, rPois rF+ Str-5}
   (You found it on level 6 of the Lair of Beasts)

   A truly terrible weapon, it drains the life of those it strikes.
   It affects your strength (-5).
   It protects you from fire.
   It protects you from poison.
 s - a +4 scimitar of flaming
 P - the +8 great sword of Harmony (weapon) {vorpal, Dex+2}
   (You found it on level 14 of the Dungeon)

   It inflicts extra damage upon your enemies.
   It affects your dexterity (+2).
 Q - a +3 hunting sling
Missiles
 C - 867 stones
 T - 276 sling bullets
Armour
 d - the +1 helmet "Newapoug" (worn) {MP+9 Int+3 Stlth+}
   (You acquired it on level 1 of the Shoals)

   It affects your intelligence (+3).
   It affects your magic capacity (+9).
   It makes you more stealthy.
 j - a +2 pair of boots of stealth (worn)
 r - the +3 pair of gauntlets of War (worn) {Slay+5}
   (You bought it in a shop on level 1 of the Orcish Mines)

   It affects your accuracy and damage with ranged weapons and melee attacks
   (+5).
 x - a +2 robe of resistance
 B - the +2 robe of the Jabberwock (worn) {+Fly rElec}
   (You found it on level 3 of the Snake Pit)

   It insulates you from electricity.
   It lets you fly.
 D - a scarf of repulsion (worn)
 H - +0 acid dragon scales
 Z - the +2 leather armour of Polish {+Fly rC++ rCorr Dex-4}
   (You found it on level 12 of the Dungeon)

   It affects your dexterity (-4).
   It greatly protects you from cold.
   It lets you fly.
   It provides partial protection from all sources of acid and corrosion.
Jewellery
 a - an amulet of reflection (around neck)
 b - the ring of Ataicu (right hand) {rElec rPois rN+ Slay+2}
   (You found it on level 3 of the Snake Pit)

   [ring of poison resistance]

   It affects your accuracy and damage with ranged weapons and melee attacks
   (+2).
   It insulates you from electricity.
   It protects you from poison.
   It protects you from negative energy.
 i - an uncursed ring of ice
 o - an uncursed amulet of magic regeneration
 t - an uncursed ring of fire
 E - an uncursed ring of fire
 I - a +4 ring of protection
 O - a ring of magical power (left hand)
Wands
 n - a wand of acid (10)
 v - a wand of iceblast (21)
 F - a wand of disintegration (14)
 G - a wand of digging (13)
Scrolls
 e - 6 scrolls of remove curse
 h - 6 scrolls of fear
 k - 6 scrolls of fog
 l - 8 scrolls of teleportation
 u - 3 scrolls of identify
 w - 8 scrolls of enchant armour
 y - 4 scrolls of magic mapping
 A - 5 scrolls of enchant weapon
 J - a scroll of blinking
 K - a scroll of summoning
 M - 11 scrolls of immolation
 R - a scroll of silence
 Y - 2 scrolls of holy word
Potions
 c - 3 potions of magic
 f - 12 potions of curing
 q - 3 potions of resistance
 z - 6 potions of flight
 L - 6 potions of cancellation
 N - 2 potions of might
 U - 6 potions of haste
 V - 3 potions of ambrosia
 W - 4 potions of invisibility
 X - 2 potions of berserk rage
Miscellaneous
 g - a phantom mirror
 m - a condenser vane


   Skills:
 + Level 11.9 Fighting
 + Level 11.9 Short Blades
 + Level 11.9 Long Blades
 + Level 11.9 Axes
 + Level 11.9 Maces & Flails
 + Level 11.9 Polearms
 + Level 11.9 Staves
 + Level 11.9 Slings
 + Level 11.9 Bows
 + Level 11.9 Crossbows
 + Level 11.9 Throwing
 + Level 11.9 Armour
 + Level 12.6 Dodging
 + Level 12.5 Stealth
 + Level 11.9 Shields
 + Level 11.9 Unarmed Combat
 + Level 12.7 Spellcasting
 + Level 10.1 Conjurations
 + Level 10.1 Hexes
 + Level 10.1 Summonings
 + Level 10.1 Necromancy
 + Level 10.1 Translocations
 + Level 10.1 Transmutations
 + Level 10.1 Fire Magic
 + Level 12.1 Ice Magic
 + Level 10.1 Air Magic
 + Level 10.1 Earth Magic
 + Level 10.1 Poison Magic
 + Level 12.8 Invocations
 + Level 11.9 Evocations


You had 13 spell levels left.
You knew the following spells:

 Your Spells              Type           Power        Failure   Level
a - Freeze                Ice            100%         1%          1
b - Frozen Ramparts       Ice            100%         1%          3
c - Ozocubu's Armour      Ice            70%          1%          3
d - Hailstorm             Conj/Ice       67%          1%          4
e - Summon Ice Beast      Ice/Summ       67%          1%          4
f - Iskenderun's Mystic   Conj/Tloc      64%          1%          4
g - Bolt of Magma         Conj/Fire/Erth 32%          1%          5
h - Summon Forest         Summ/Tloc      32%          1%          5

Your spell library contained the following spells:

 Spells                   Type           Power        Failure   Level
 Animate Skeleton         Necr           100%         1%          1
 Apportation              Tloc           100%         1%          1
 Corona                   Hex            71%          1%          1
 Magic Dart               Conj           100%         1%          1
 Pain                     Necr           100%         1%          1
 Sting                    Tmut/Pois      100%         1%          1
 Summon Small Mammal      Summ           100%         1%          1
 Corpse Rot               Necr/Air       N/A          1%          2
 Ensorcelled Hibernation  Hex/Ice        100%         1%          2
 Poisonous Vapours        Pois/Air       100%         1%          2
 Searing Ray              Conj           100%         1%          2
 Sublimation of Blood     Necr           32%          1%          2
 Confusing Touch          Hex            64%          1%          3
 Conjure Flame            Conj/Fire      64%          1%          3
 Dazzling Flash           Conj/Hex       100%         1%          3
 Gell's Gravitas          Tloc           32%          1%          3
 Inner Flame              Hex/Fire       64%          1%          3
 Lesser Beckoning         Tloc           32%          1%          3
 Mephitic Cloud           Conj/Pois/Air  64%          1%          3
 Portal Projectile        Hex/Tloc       100%         1%          3
 Spider Form              Tmut/Pois      32%          1%          3
 Static Discharge         Conj/Air       64%          1%          3
 Stone Arrow              Conj/Erth      100%         1%          3
 Teleport Other           Tloc           64%          1%          3
 Tukima's Dance           Hex            64%          1%          3
 Vampiric Draining        Necr           32%          1%          3
 Animate Dead             Necr           32%          1%          4
 Dispel Undead            Necr           64%          1%          4
 Fulminant Prism          Conj/Hex       32%          1%          4
 Ice Form                 Ice/Tmut       67%          1%          4
 Leda's Liquefaction      Hex/Erth       32%          1%          4
 Passage of Golubria      Tloc           N/A          1%          4
 Petrify                  Tmut/Erth      64%          1%          4
 Sticky Flame             Conj/Fire      64%          1%          4
 Agony                    Necr           64%          1%          5
 Alistair's Intoxication  Tmut/Pois      42%          1%          5
 Blade Hands              Tmut           32%          1%          5
 Borgnjor's Vile Clutch   Necr/Erth      32%          1%          5
 Excruciating Wounds      Necr           32%          1%          5
 Lightning Bolt           Conj/Air       32%          1%          5
 Metabolic Englaciation   Hex/Ice        33%          1%          5
 Summon Mana Viper        Hex/Summ       64%          1%          5
 Yara's Violent Unravell  Hex/Tmut       32%          1%          5
 Eringya's Noxious Bog    Tmut/Pois      32%          8%          6
 Hydra Form               Tmut           32%          8%          6
 Invisibility             Hex            64%          8%          6
 Starburst                Conj/Fire      32%          8%          6
 Statue Form              Tmut/Erth      42%          8%          6
 Spellforged Servitor     Conj/Summ      32%          38%         7
 Summon Hydra             Summ           32%          38%         7
 Ignition                 Fire           32%          97%         8
 Lehudib's Crystal Spear  Conj/Erth      32%          97%         8
 Summon Horrible Things   Summ           32%          97%         8
 Shatter                  Erth           32%          100%        9
 Tornado                  Air            32%          100%        9


Dungeon Overview and Level Annotations

Branches:
Dungeon (15/15)            Temple (1/1) D:6            Lair (6/6) D:8
 Shoals (4/4) Lair:3        Snake (4/4) Lair:2        Slime (0/5) Lair:6
    Orc (2/2) D:12            Elf (0/3) Orc:2        Vaults (0/5) D:14
 Bailey (visited)
 Depths: D:15

Altars:
Ashenzari
Cheibriados
Dithmenos
Elyvilon
Gozag
Hepliaklqana
Kikubaaqudgha
Makhleb
Okawaru
Qazlal
Ru
Sif Muna
Vehumet
Wu Jian
Xom
Yredelemnul
Zin
Beogh

Shops:
Orc:1 [   Orc:2 (:*[   Snake:2 [*   Snake:3 *?:

Annotations:
Lair:6 sahdkjhfkaj's ghost, journeyman TeCj
Shoals:4 Bai Suzhen; Ilsuiw


Innate Abilities, Weirdness & Mutations

Your experience applies equally to all skills.
You have very sharp teeth.
Your uncanny sense of smell can sniff out nearby items.


Message History

The torrent of water misses you.
The torrent of water passes through the water elemental.
The wave splashes down.
You hear a shout! x4
Blink to where?
Press: ? - help, Dir - move target
As you read the scroll of blinking, it crumbles to dust.
A merfolk, a merfolk avatar, 2 water elementals and a faun come into view.
The merfolk is wielding a +2 vampiric trident.
The faun shouts!
The attack snaps the faun out of its fear.
The faun shouts!
A root smacks the faun from below!
The plant is hit by a branch!
A root smacks the plant from below!
A tree reaches out and hits the plant!
The faun unwields a +0 spear.
The faun wields a +0 hunting sling.
The faun shoots a stone.
The stone barely misses you.
A merfolk comes into view. It is wielding a +0 trident.
The merfolk aquamancer casts a spell at you.
The ball of steam hits you!!
You die...

≈.# ...m[.≈≈≈≈ ...
...c...≈≈≈ ....
#......PP≈
:...P#.m.....≈P
...E.#.........
...............
.PPP.m....≈≈≈≈.
≈≈♣..≈≈ ♣PP.E.@≈≈≈≈≈≈.
≈≈≈...≈♣PP.E.§≈≈≈≈≈≈≈.
..E.....c♣.≈§≈≈≈≈≈≈≈≈≈
..........≈≈≈≈≈≈≈≈≈≈≈≈
.tc..§§...m≈≈≈≈≈≈≈≈≈≈≈
.....§.§..≈≈≈≈≈≈≈≈≈≈≈≈
.....§§§R.≈≈≈≈≈≈≈≈≈≈≈≈
....♣§§Em.♣≈≈≈≈≈≈≈≈≈≈≈
.♣.....§...≈≈≈≈ ∆ .P


You could see a merfolk avatar, a merfolk aquamancer, 2 merfolk, 2 fauns and 3
water elementals.

Vanquished Creatures
  Vashnia (Snake:4)
  Nikola (Shoals:2)
  7 nagarajas
  Louise (D:14)
  An orc warlord (Orc:2)
  A fire dragon (Lair:6)
  A merfolk impaler (Shoals:1)
  Harold (D:7)
  A rakshasa (D:14)
  11 naga warriors
  2 boulder beetles
  4 hydras
  18 anacondas
  2 centaur warriors (D:14)
  A two-headed ogre (Orc:1)
  3 death yaks (Lair:6)
  An orc high priest (Orc:2)
  3 shock serpents
  10 naga sharpshooters
  2 salamander mystics
  4 unseen horrors
  3 sea snakes
  2 wizards (D:14)
  4 naga ritualists
  4 harpies
  3 orc knights
  A salamander (shapeshifter) (D:14)
  3 mana vipers
  A deep elf mage (D:14)
  An orc sorcerer (Orc:2)
  3 cyclopes
  3 ugly things (D:15)
  2 manticores
  A wolf spider (Lair:6)
  3 centaur zombies
  4 salamanders
  2 merfolk sirens
  12 elephants
  6 guardian serpents
  A water nymph (Shoals:1)
  21 black mambas
  A torpor snail (Lair:5)
  A gargoyle (D:11)
  11 naga magi
  18 cane toads
  4 rime drakes
  5 komodo dragons
  An efreet (D:13)
  A queen bee (D:13)
  A jumping spider (shapeshifter) (D:14)
  4 trolls
  3 meliai (D:13)
  A polar bear (Lair:4)
  3 blink frogs (Lair:3)
  4 hornets
  13 merfolk
  2 wind drakes
  A meliai zombie (D:15)
  A spriggan (Lair:6)
  A centaur simulacrum (D:14)
  7 water elementals
  2 redbacks (Lair:6)
  A shadow (D:14)
  10 wyverns
  2 vampires
  32 yaks
  5 basilisks
  A wraith (D:12)
  4 vampire mosquitoes (D:15)
  Grum (D:11)
  A steam dragon (D:9)
  A warg (Orc:2)
  5 acid dragons
  27 nagas
  Duvessa (D:5)
  16 water moccasins
  22 orc warriors
  4 sky beasts
  4 black bears
  A boggart (D:14)
  3 phantoms
  An eye of draining (D:14)
  An ice beast (D:8)
  A necrophage (D:10)
  15 ogres
  17 wolves
  6 centaurs
  2 big kobolds
  20 bullfrogs
  An earth elemental (D:14)
  Dowan (D:5)
  2 scorpions
  14 killer bees (D:13)
  4 wights (D:9)
  2 howler monkeys (D:12)
  6 jellies
  2 bullfrog zombies (D:7)
  2 centaur skeletons
  12 hounds
  A gnoll shaman (D:8)
  A quasit (D:5)
  2 bullfrog skeletons
  16 orc wizards
  Crazy Yiuf (D:6)
  14 orc priests
  Jessica (D:3)
  5 iguanas
  5 hell rats (Lair:2)
  13 worker ants
  2 nameless horrors
  A hound zombie (D:5)
  A hound skeleton (D:4)
  12 gnolls
  15 adders
  2 shadow imps
  A white imp (D:8)
  An ufetubus (D:10)
  An ooze (D:5)
  3 worms (D:2)
  2 dart slugs
  6 leopard geckos
  79 orcs
  A ball python (D:6)
  4 giant cockroaches
  8 goblins
  5 hobgoblins
  12 jackals
  19 kobolds
  3 quokkas
  5 bats
  8 frilled lizards
  2 jackal skeletons
  A quokka zombie (D:5)
  4 rats
748 creatures vanquished.

Vanquished Creatures (collateral kills)
  2 nagarajas
  Aizul (Snake:4)
  An ironheart preserver (D:14)
  3 merfolk impalers
  Snorg (Lair:5)
  A merfolk javelineer (Shoals:3)
  7 naga warriors
  A boulder beetle (Lair:6)
  A centaur warrior (D:14)
  Erica (D:8)
  A merfolk avatar (Shoals:1)
  A two-headed ogre (D:12)
  2 merfolk aquamancers (Shoals:1)
  3 anacondas
  A death knight (D:14)
  4 death yaks (Lair:6)
  An ogre mage (D:14)
  5 orc high priests (Orc:2)
  2 shock serpents (Snake:4)
  12 naga sharpshooters
  4 sea snakes
  5 salamander mystics (Snake:4)
  2 naga ritualists
  A swamp dragon (Lair:6)
  4 lindwurms (Snake:4)
  4 mana vipers
  4 harpies
  An ugly thing (D:15)
  3 deep elf magi
  A cyclops (D:12)
  2 manticores (Shoals:1)
  12 fauns
  4 merfolk sirens
  2 elephants (Lair:6)
  10 naga magi (Snake:4)
  6 salamanders
  3 guardian serpents (Snake:4)
  A water nymph (Shoals:2)
  15 black mambas
  A gargoyle (D:12)
  2 centaur skeletons
  A cane toad (Lair:6)
  3 rime drakes
  3 komodo dragons
  11 merfolk
  3 trolls
  2 wind drakes
  A slime creature (D:14)
  2 snapping turtles
  A meliai zombie (D:14)
  7 yaks
  A wraith (D:14)
  4 wyverns (Lair:6)
  A fire elemental (D:14)
  2 basilisks (Lair:2)
  Eustachio (D:6)
  5 water elementals
  Menkaure (D:5)
  3 vampire mosquitoes
  12 nagas
  A warg (Orc:2)
  3 soldier ants
  6 water moccasins
  11 orc warriors
  A swamp drake (Lair:6)
  2 ice beasts
  5 ogres
  A necrophage (D:14)
  A wolf (D:11)
  4 centaurs
  4 bullfrogs
  8 gnoll sergeants (Bailey)
  A wyvern skeleton (D:14)
  9 wights
  5 electric eels
  2 jellies
  2 hounds (Bailey)
  12 orc priests
  A bullfrog skeleton (D:12)
  6 gnoll shamans (Bailey)
  4 iguanas (Lair:6)
  6 orc wizards
  A nameless horror (Snake:4)
  A hound skeleton (D:5)
  13 gnolls (Bailey)
  2 white imps
  An adder zombie (D:6)
  24 orcs
  A kobold (D:12)
340 creatures vanquished.

Vanquished Creatures (others)
  An air elemental (D:14)
  A water elemental (D:14)
  A naga (Snake:4)
  An orc wizard (D:12)
  2 bushes (Lair:6)
  35 fungi
  302 plants
  13 snaplasher vines
356 creatures vanquished.

Grand Total: 1444 creatures vanquished

Notes
Turn   | Place    | Note
-------+----------+-------------------------------------------
     0 | D:1      | robertstho the Gnoll Ice Elementalist began the quest for
                  | the Orb.
     0 | D:1      | Reached XP level 1. HP: 13/13 MP: 6/6
   210 | D:1      | Reached XP level 2. HP: 9/19 MP: 4/7
  1475 | D:2      | Reached skill level 5 in Spellcasting
  1475 | D:2      | Reached XP level 3. HP: 25/25 MP: 7/9
  1560 | D:2      | HP: 1/25 [hound (3)]
  1563 | D:2      | Reached skill level 1 in Fighting
  1563 | D:2      | Reached skill level 1 in Short Blades
  1563 | D:2      | Reached skill level 1 in Long Blades
  1563 | D:2      | Reached skill level 1 in Axes
  1563 | D:2      | Reached skill level 1 in Maces & Flails
  1563 | D:2      | Reached skill level 1 in Polearms
  1563 | D:2      | Reached skill level 1 in Staves
  1563 | D:2      | Reached skill level 1 in Slings
  1563 | D:2      | Reached skill level 1 in Bows
  1563 | D:2      | Reached skill level 1 in Crossbows
  1563 | D:2      | Reached skill level 1 in Throwing
  1563 | D:2      | Reached skill level 1 in Armour
  1563 | D:2      | Reached skill level 1 in Shields
  1563 | D:2      | Reached skill level 1 in Unarmed Combat
  1563 | D:2      | Reached skill level 1 in Invocations
  1563 | D:2      | Reached skill level 1 in Evocations
  1563 | D:2      | Reached XP level 4. HP: 2/32 MP: 2/11
  1567 | D:2      | Learned a level 3 spell: Frozen Ramparts
  1571 | D:2      | Learned a level 3 spell: Ozocubu's Armour
  1576 | D:2      | Learned a level 4 spell: Hailstorm
  2286 | D:2      | Reached skill level 1 in Conjurations
  2286 | D:2      | Reached skill level 1 in Hexes
  2286 | D:2      | Reached skill level 1 in Summonings
  2286 | D:2      | Reached skill level 1 in Necromancy
  2286 | D:2      | Reached skill level 1 in Translocations
  2286 | D:2      | Reached skill level 1 in Transmutations
  2286 | D:2      | Reached skill level 1 in Fire Magic
  2286 | D:2      | Reached skill level 1 in Air Magic
  2286 | D:2      | Reached skill level 1 in Earth Magic
  2286 | D:2      | Reached skill level 1 in Poison Magic
  2563 | D:3      | Noticed Jessica
  2572 | D:3      | Killed Jessica
  2573 | D:3      | Reached XP level 5. HP: 37/37 MP: 12/12
  3012 | D:3      | Found a burning altar of Makhleb.
  3342 | D:3      | Reached XP level 6. HP: 44/44 MP: 13/13
  3571 | D:4      | Noticed a phantom
  3592 | D:4      | Killed a phantom
  3593 | D:4      | Reached skill level 5 in Dodging
  3860 | D:4      | Noticed a black bear
  3870 | D:4      | Killed a black bear
  3871 | D:4      | Reached XP level 7. HP: 28/51 MP: 11/15
  4077 | D:4      | Learned a level 4 spell: Summon Ice Beast
  4211 | D:4      | Reached skill level 5 in Stealth
  4786 | D:5      | Entered Level 5 of the Dungeon
  4796 | D:5      | Reached XP level 8. HP: 37/57 MP: 12/16
  5356 | D:5      | Noticed Duvessa
  5361 | D:5      | Noticed Dowan
  5364 | D:5      | Killed Duvessa
  5366 | D:5      | Killed Dowan
  5366 | D:5      | Noticed Menkaure
  5371 | D:5      | Killed Menkaure
  6807 | D:6      | Noticed Eustachio
  6828 | D:6      | Killed Eustachio
  6829 | D:6      | Reached XP level 9. HP: 65/65 MP: 9/18
  7586 | D:6      | Found a runed translucent door.
  7587 | D:6      | Noticed Crazy Yiuf
  7660 | D:6      | Found a staircase to the Ecumenical Temple.
  7974 | Temple   | Entered the Ecumenical Temple
  8016 | Temple   | Became a worshipper of Sif Muna the Loreminder
  8361 | D:6      | Killed Crazy Yiuf
  8557 | D:7      | Found a stormy altar of Qazlal.
  8557 | D:7      | Found a snail-covered altar of Cheibriados.
  8581 | D:7      | Found a faded altar of an unknown god.
  8652 | D:7      | Found a faded altar of an unknown god.
  8654 | D:7      | Found a shimmering altar of Xom.
  8874 | D:7      | Noticed a cyclops
  8885 | D:7      | Killed a cyclops
  8886 | D:7      | Reached skill level 5 in Invocations
  9164 | D:7      | HP: 3/66 [vampire mosquito (2)]
  9172 | D:7      | Identified the Guide on Intoxication and the Compass
  9549 | D:7      | Noticed Harold
  9576 | D:7      | Killed Harold
  9577 | D:7      | Reached skill level 5 in Fighting
  9577 | D:7      | Reached skill level 5 in Short Blades
  9577 | D:7      | Reached skill level 5 in Long Blades
  9577 | D:7      | Reached skill level 5 in Axes
  9577 | D:7      | Reached skill level 5 in Maces & Flails
  9577 | D:7      | Reached skill level 5 in Polearms
  9577 | D:7      | Reached skill level 5 in Staves
  9577 | D:7      | Reached skill level 5 in Slings
  9577 | D:7      | Reached skill level 5 in Bows
  9577 | D:7      | Reached skill level 5 in Crossbows
  9577 | D:7      | Reached skill level 5 in Throwing
  9577 | D:7      | Reached skill level 5 in Armour
  9577 | D:7      | Reached skill level 5 in Shields
  9577 | D:7      | Reached skill level 5 in Unarmed Combat
  9577 | D:7      | Reached skill level 5 in Evocations
  9577 | D:7      | Reached XP level 10. HP: 39/74 MP: 4/20
 10141 | D:7      | Found an ancient bone altar of Kikubaaqudgha.
 10571 | D:8      | Noticed Erica
 10580 | D:8      | Killed Erica
 10680 | D:8      | Found a staircase to the Lair.
 10825 | D:8      | Reached * piety under Sif Muna
 10872 | D:8      | Found a basalt altar of Yredelemnul.
 10872 | D:8      | Found a radiant altar of Vehumet.
 12033 | D:9      | Reached ** piety under Sif Muna
 12148 | D:9      | Reached XP level 11. HP: 67/81 MP: 14/22
 12900 | D:10     | Entered Level 10 of the Dungeon
 12967 | D:10     | Reached skill level 5 in Conjurations
 12967 | D:10     | Reached skill level 5 in Hexes
 12967 | D:10     | Reached skill level 5 in Summonings
 12967 | D:10     | Reached skill level 5 in Necromancy
 12967 | D:10     | Reached skill level 5 in Translocations
 12967 | D:10     | Reached skill level 5 in Transmutations
 12967 | D:10     | Reached skill level 5 in Fire Magic
 12967 | D:10     | Reached skill level 5 in Air Magic
 12967 | D:10     | Reached skill level 5 in Earth Magic
 12967 | D:10     | Reached skill level 5 in Poison Magic
 13505 | D:10     | Reached *** piety under Sif Muna
 14611 | D:11     | Killed an unseen horror
 14736 | D:11     | Noticed a cyclops
 14738 | D:11     | Noticed Grum
 14748 | D:11     | Killed Grum
 14750 | D:11     | Killed a cyclops
 14995 | D:12     | Noticed an eight-headed hydra
 15004 | D:12     | Killed a six-headed hydra
 15156 | D:12     | Reached XP level 12. HP: 87/89 MP: 1/24
 15516 | D:12     | Identified the +9 flail of Zyng {antimagic, +Inv}
 15529 | D:12     | Noticed a two-headed ogre
 15538 | D:12     | Killed a two-headed ogre
 15909 | D:12     | Reached **** piety under Sif Muna
 16442 | D:12     | Got a twisted leather armour
 16624 | D:12     | Identified the +7 long sword "Zisaj" {drain, rN+ Dex+4}
 16624 | D:12     | Noticed a centaur warrior
 16625 | D:12     | Noticed a catoblepas
 16635 | D:12     | Noticed a boulder beetle
 16709 | D:12     | Found a staircase to the Orcish Mines.
 16997 | D:12     | Identified the +2 leather armour of Polish {+Fly rC++ rCorr
                  | Dex-4} (You found it on level 12 of the Dungeon)
 17093 | Lair:1   | Entered Level 1 of the Lair of Beasts
 18572 | Lair:2   | HP: 4/83 [hell rat (2)]
 18875 | Lair:2   | Found a staircase to the Snake Pit.
 19032 | Lair:2   | Reached ***** piety under Sif Muna
 19032 | Lair:2   | Identified Sif Muna's Volume of Fire and Conjuration (Sif
                  | Muna gifted it to you on level 2 of the Lair of Beasts)
 19032 | Lair:2   | Received a gift from Sif Muna
 19537 | Lair:2   | Reached XP level 13. HP: 98/98 MP: 22/26
 20094 | Lair:3   | You fall into a shaft and drop 2 floors!
 21377 | Lair:3   | Reached skill level 10 in Ice Magic
 21803 | Lair:3   | Found a staircase to the Shoals.
 22312 | Lair:5   | Noticed Snorg
 22338 | Lair:5   | Killed Snorg
 22905 | Lair:6   | Entered Level 6 of the Lair of Beasts
 23201 | Lair:6   | Reached skill level 10 in Spellcasting
 23206 | Lair:6   | Noticed a fire dragon
 23219 | Lair:6   | Killed a fire dragon
 23519 | Lair:6   | Noticed sahdkjhfkaj's ghost (journeyman TeCj)
 23525 | Lair:6   | Found a runed translucent door.
 23785 | Lair:6   | Reached XP level 14. HP: 86/106 MP: 28/28
 24193 | Lair:6   | Reached skill level 10 in Dodging
 24517 | Lair:6   | Reached skill level 10 in Stealth
 24697 | Lair:6   | Got a warped battleaxe
 24697 | Lair:6   | Identified the cursed +1 battleaxe of Massacring {drain,
                  | rPois rF+ Str-5} (You found it on level 6 of the Lair of
                  | Beasts)
 25048 | Lair:6   | Reached skill level 10 in Invocations
 25909 | Lair:6   | Found a staircase to the Slime Pits.
 26582 | Orc:1    | Entered Level 1 of the Orcish Mines
 26602 | Orc:1    | Identified Sif Muna's Almanac of the Mountains (Sif Muna
                  | gifted it to you on level 1 of the Orcish Mines)
 26602 | Orc:1    | Received a gift from Sif Muna
 27108 | Orc:2    | Entered Level 2 of the Orcish Mines
 27121 | Orc:2    | Found Ishreubb's Antique Weapon Shoppe.
 27206 | Orc:2    | Found a staircase to the Elven Halls.
 27238 | Orc:2    | Noticed an orc warlord
 27254 | Orc:2    | Killed an orc warlord
 27902 | Orc:2    | Found Bumess's Book Shoppe.
 27930 | Orc:2    | Found Hienow's General Store.
 27938 | Orc:2    | Bought a scroll of fear for 42 gold pieces
 27938 | Orc:2    | Bought a potion of mutation for 96 gold pieces
 27938 | Orc:2    | Bought a cursed ring of attention for 54 gold pieces
 27938 | Orc:2    | Bought a scroll of blinking for 90 gold pieces
 27938 | Orc:2    | Bought a scroll of identify for 24 gold pieces
 28243 | Orc:2    | Reached XP level 15. HP: 86/115 MP: 19/29
 28311 | Orc:2    | Found a roughly hewn altar of Beogh.
 28598 | Orc:2    | Found Olus Gitzia's Antique Armour Shop.
 28617 | Orc:2    | Bought an embroidered hat for 175 gold pieces
 28617 | Orc:2    | Bought a pair of glowing boots for 187 gold pieces
 28683 | Orc:1    | Found Coqal's Antique Armour Shop.
 28692 | Orc:1    | Bought an embroidered scarf for 296 gold pieces
 28943 | Snake:1  | Entered Level 1 of the Snake Pit
 29216 | D:13     | Found a flagged portal.
 29223 | Bailey   | Entered a bailey
 29284 | Bailey   | Learned a level 4 spell: Iskenderun's Mystic Blast
 29290 | Bailey   | Learned a level 5 spell: Bolt of Magma
 29296 | Bailey   | Learned a level 5 spell: Summon Forest
 29531 | Bailey   | Got a crude spear
 29531 | Bailey   | Identified the cursed +2 spear "Killer Bee's Curse"
                  | {vorpal, rN++ MP+9 Int-5} (You found it in a bailey)
 30832 | D:14     | Received a gift from Sif Muna
 30933 | D:14     | Found a large runed translucent door.
 31046 | D:14     | Noticed Louise
 31085 | D:14     | Killed Louise
 31276 | D:14     | Reached skill level 10 in Fighting
 31276 | D:14     | Reached skill level 10 in Short Blades
 31276 | D:14     | Reached skill level 10 in Long Blades
 31276 | D:14     | Reached skill level 10 in Axes
 31276 | D:14     | Reached skill level 10 in Maces & Flails
 31276 | D:14     | Reached skill level 10 in Polearms
 31276 | D:14     | Reached skill level 10 in Staves
 31276 | D:14     | Reached skill level 10 in Slings
 31276 | D:14     | Reached skill level 10 in Bows
 31276 | D:14     | Reached skill level 10 in Crossbows
 31276 | D:14     | Reached skill level 10 in Throwing
 31276 | D:14     | Reached skill level 10 in Armour
 31276 | D:14     | Reached skill level 10 in Shields
 31276 | D:14     | Reached skill level 10 in Unarmed Combat
 31276 | D:14     | Reached skill level 10 in Evocations
 31351 | D:14     | Found a gate to the Vaults.
 31363 | D:14     | Found a large runed translucent door.
 31505 | Orc:1    | Bought the +3 pair of gauntlets of War {Slay+5} for 1757
                  | gold pieces
 31505 | Orc:1    | Found the +3 pair of gauntlets of War {Slay+5}
 31693 | D:14     | Got a slimy great sword
 31693 | D:14     | Identified the +8 great sword of Harmony {vorpal, Dex+2}
                  | (You found it on level 14 of the Dungeon)
 32444 | D:15     | Entered Level 15 of the Dungeon
 33478 | Snake:1  | Identified the Tome of Igneous Dislocation
 34660 | Snake:2  | Found Acwotek's General Store.
 34783 | Snake:2  | Bought a potion of heal wounds for 75 gold pieces
 34837 | Snake:2  | Identified Sif Muna's Catalogue of Burning Moulding (Sif
                  | Muna gifted it to you on level 2 of the Snake Pit)
 34837 | Snake:2  | Received a gift from Sif Muna
 34974 | Snake:2  | Reached XP level 16. HP: 36/123 MP: 25/31
 35721 | Snake:2  | Found an opulent altar of Gozag.
 35735 | Snake:2  | Found Saumast's Antique Armour Boutique.
 35842 | Snake:3  | Noticed a nagaraja
 35853 | Snake:3  | Killed a nagaraja
 36115 | Snake:3  | Got a dull robe
 36125 | Snake:3  | Identified the +2 robe of the Jabberwock {+Fly rElec} (You
                  | found it on level 3 of the Snake Pit)
 36800 | Snake:3  | Noticed a nagaraja
 36804 | Snake:3  | Killed a nagaraja
 36844 | Snake:3  | Found Xelif's Book Boutique.
 36846 | Snake:3  | Found Beroth's Magic Scroll Shop.
 36848 | Snake:3  | Found Torph's General Store.
 36883 | Snake:3  | Bought a scroll of identify for 24 gold pieces
 36883 | Snake:3  | Bought a scroll of torment for 90 gold pieces
 36895 | Snake:3  | Noticed a nagaraja
 36907 | Snake:3  | Killed a nagaraja
 37687 | Snake:3  | Got a warped silver ring
 37689 | Snake:3  | Identified the ring of Ataicu {rElec rPois rN+ Slay+2} (You
                  | found it on level 3 of the Snake Pit)
 38253 | Snake:4  | Entered Level 4 of the Snake Pit
 38288 | Snake:4  | Received a gift from Sif Muna
 38327 | Snake:4  | Noticed Vashnia
 38360 | Snake:4  | Killed Vashnia
 38916 | Snake:4  | Noticed Aizul
 38932 | Snake:4  | Killed Aizul
 39713 | Snake:4  | Reached XP level 17. HP: 131/131 MP: 23/33
 41578 | Snake:4  | Identified Sif Muna's Handbook of Creative Cold (Sif Muna
                  | gifted it to you on level 4 of the Snake Pit)
 41578 | Snake:4  | Received a gift from Sif Muna
 43872 | Snake:4  | Got a serpentine rune of Zot
 44156 | Shoals:1 | Entered Level 1 of the Shoals
 44982 | Shoals:1 | Reached skill level 10 in Conjurations
 44982 | Shoals:1 | Reached skill level 10 in Hexes
 44982 | Shoals:1 | Reached skill level 10 in Summonings
 44982 | Shoals:1 | Reached skill level 10 in Necromancy
 44982 | Shoals:1 | Reached skill level 10 in Translocations
 44982 | Shoals:1 | Reached skill level 10 in Transmutations
 44982 | Shoals:1 | Reached skill level 10 in Fire Magic
 44982 | Shoals:1 | Reached skill level 10 in Air Magic
 44982 | Shoals:1 | Reached skill level 10 in Earth Magic
 44982 | Shoals:1 | Reached skill level 10 in Poison Magic
 45628 | Shoals:1 | Identified a scroll of acquirement
 45629 | Shoals:1 | Acquired the +1 helmet "Newapoug" {MP+9 Int+3 Stlth+}
 46896 | Shoals:2 | Noticed Nikola
 46904 | Shoals:2 | Killed Nikola
 48646 | Shoals:4 | Entered Level 4 of the Shoals
 48926 | Shoals:4 | Reached XP level 18. HP: 131/140 MP: 34/34
 48944 | Shoals:4 | Noticed Ilsuiw
 48948 | Shoals:4 | Noticed Bai Suzhen
 48952 | Shoals:4 | Identified the +3 hunting sling of Kismet {flame, rF+}
 48952 | Shoals:4 | Killed from afar by a merfolk aquamancer

Illustrated notes

Levels and vault maps discovered:
D:1:      sevenhm_arrival_forest_fort_large_2, layout_rooms, minmay_tromino_v4_b
D:2:      layout_basic
D:3:      layout_basic, lemuel_tele_altar, uniq_jessica
D:4:      black_bear_nest_1, layout_loops_ring
D:5:      layout_loops_cross, minmay_crystal_room, uniq_menkaure, uniq_duvessa
D:6:      layout_basic, minmay_temple_entry_statues_fountains, serial_bayou,
          serial_bayou_lake_a, serial_bayou_crossing, serial_bayou_lagoon_a,
          serial_bayou_pond_b, minmay_between, uniq_eustachio,
          uniq_crazy_yiuf_cottage
D:7:      nzn_winding_woodlands_cross [nzn_winding_woodlands_5x15_lazy_stream,
          nzn_winding_woodlands_5x15_parted, nzn_winding_woodlands_5x15_zeroes,
          nzn_winding_woodlands_5x15_sawtooth,
          nzn_winding_woodlands_15x15_boxy_spiral], layout_rooms,
          chequers_temple_overflow_minitemple, marbit_many_paths, uniq_harold
D:8:      layout_gridville, gammafunk_temple_overflow_pools, uniq_erica
D:9:      layout_irregular_city
D:10:     layout_rooms
D:11:     layout_loops_ring, minmay_misc_feat_pillars, uniq_grum
D:12:     layout_basic, erik_orc_2, minivault_12
D:13:     layout_roguey, enter_bailey_2, special_room [special_room_bee],
          gauntlet_entry_generic, serial_bayou_pond_b
D:14:     minmay_box_of_statues, layout_cave_pools,
          skrybe_vaults_entry_preservation, nrook_mini_vaults,
          ebering_dispersal_statue_hall, lightli_elemental_guards, uniq_louise
D:15:     hangedman_depths_entry_try_elsewhere_first, layout_irregular_city,
          gammafunk_ghost_smash
Temple:   eino_temple_rhombus
Lair:1:   layout_regular_city, chequers_serial_rivers_small_a
Lair:2:   layout_loops_ring, guppyfry_snake_entry_garden, grunt_megastairs_1
Lair:3:   layout_long_grid, minmay_shoals_entry_lonely_mermaid,
          eino_small_chamber_without_monster, nzn_sisyphean_effort
Lair:4:   layout_cave_pods, small_statue_intersection, infiniplex_staircase_pool
Lair:5:   layout_loops_ring, uniq_snorg
Lair:6:   hangedman_lair_tendril_chambers, layout_cave_pods,
          guppyfry_lair_end_dragon, slime_dummy, hellmonk_ghost_happy_afterlife,
          small_statue_intersection, minivault_25,
          chequers_serial_rivers_micro_d, grunt_forest_large_clearing_hut
Shoals:1: layout_shoals
Shoals:2: layout_shoals, ldierk_geyser, uniq_nikola
Shoals:3: layout_shoals
Shoals:4: shoals_end_grunt_garden, layout_shoals, shoals_ilsuiw_alternative,
          uniq_kirke, uniq_bai_suzhen
Snake:1:  layout_chambers
Snake:2:  layout_grid_maze, basic_altar, serial_shops, shop,
          nicolae_shop_waterfront, lemuel_fruit_tree
Snake:3:  layout_gridlike, grunt_megastairs_3, minmay_shop_star
Snake:4:  snake_pit_salamanders_mu, layout_cave_town, uniq_vashnia, uniq_aizul
Orc:1:    layout_caves, serial_shops, nicolae_shop_crystal
Orc:2:    grunt_orc_gardens, layout_caves, grunt_orc_garden, grunt_orc_garden,
          grunt_orc_garden, grunt_orc_garden, minmay_orc_temple_c

Skill      XL: |  1  2  3  4  5  6  7  8  9 10 11 12 13 14 15 16 17 |
---------------+----------------------------------------------------+-----
Spellcasting   | 5 6 7 8 9 10 11 12 | 12.7
Fighting       | 1 2 3 5 6 7 8 9 10 11 | 11.9
Short Blades   | 1 2 3 5 6 7 8 9 10 11 | 11.9
Long Blades    | 1 2 3 5 6 7 8 9 10 11 | 11.9
Axes           | 1 2 3 5 6 7 8 9 10 11 | 11.9
Maces & Flails | 1 2 3 5 6 7 8 9 10 11 | 11.9
Polearms       | 1 2 3 5 6 7 8 9 10 11 | 11.9
Staves         | 1 2 3 5 6 7 8 9 10 11 | 11.9
Slings         | 1 2 3 5 6 7 8 9 10 11 | 11.9
Bows           | 1 2 3 5 6 7 8 9 10 11 | 11.9
Crossbows      | 1 2 3 5 6 7 8 9 10 11 | 11.9
Throwing       | 1 2 3 5 6 7 8 9 10 11 | 11.9
Armour         | 1 2 3 5 6 7 8 9 10 11 | 11.9
Shields        | 1 2 3 5 6 7 8 9 10 11 | 11.9
Unarmed Combat | 1 2 3 5 6 7 8 9 10 11 | 11.9
Invocations    | 1 2 3 4 5 6 7 8 9 10 11 12 | 12.8
Evocations     | 1 2 3 5 6 7 8 9 10 11 | 11.9
Conjurations   | 1 2 3 4 5 6 7 8 9 10 | 10.1
Hexes          | 1 2 3 4 5 6 7 8 9 10 | 10.1
Summonings     | 1 2 3 4 5 6 7 8 9 10 | 10.1
Necromancy     | 1 2 3 4 5 6 7 8 9 10 | 10.1
Translocations | 1 2 3 4 5 6 7 8 9 10 | 10.1
Transmutations | 1 2 3 4 5 6 7 8 9 10 | 10.1
Fire Magic     | 1 2 3 4 5 6 7 8 9 10 | 10.1
Air Magic      | 1 2 3 4 5 6 7 8 9 10 | 10.1
Earth Magic    | 1 2 3 4 5 6 7 8 9 10 | 10.1
Poison Magic   | 1 2 3 4 5 6 7 8 9 10 | 10.1
Dodging        | 5 6 7 8 9 10 11 12 | 12.6
Stealth        | 5 6 7 8 9 10 11 12 | 12.5
Ice Magic      | 8 9 10 11 12 | 12.1

Action                   |  1- 3 |  4- 6 |  7- 9 | 10-12 | 13-15 | 16-18 || total
-------------------------+-------+-------+-------+-------+-------+-------++-------
Melee: Unarmed           |    13 |       |       |       |       |       ||    13
       Spear             |    33 |       |       |    73 |   242 |       ||   348
       Bite              |     5 |     5 |    13 |    49 |    87 |    32 ||   191
       Whip              |    12 |   110 |    75 |       |       |       ||   197
       Punch             |       |     1 |     4 |    15 |    24 |       ||    44
       Hand axe          |       |       |    61 |    74 |    65 |       ||   200
       Scimitar          |       |       |       |   240 |   180 |       ||   420
       Battleaxe         |       |       |       |       |   230 |    70 ||   300
       Great sword       |       |       |       |       |    43 |   137 ||   180
 Fire: Hunting sling     |       |       |     2 |     3 |       |       ||     5
 Cast: Freeze            |    19 |     7 |     6 |       |     2 |     2 ||    36
       Frozen Ramparts   |       |     8 |    33 |    46 |    76 |    23 ||   186
       Summon Ice Beast  |       |       |    26 |    84 |   252 |   297 ||   659
       Hailstorm         |       |       |     9 |    34 |   163 |    44 ||   250
       Ozocubu's Armour  |       |       |     2 |       |     2 |       ||     4
       Summon Forest     |       |       |       |       |    17 |    69 ||    86
       Bolt of Magma     |       |       |       |       |       |    81 ||    81
Invok: Channel Magic     |       |       |       |     4 |    10 |     8 ||    22
Evoke: Wand              |       |       |       |       |     2 |       ||     2
  Use: Scroll            |       |       |    10 |     8 |    22 |    10 ||    50
       Potion            |       |       |       |     4 |     6 |     7 ||    17
 Stab: Sleeping          |     4 |     4 |     3 |    16 |    23 |    14 ||    64
       Distracted        |       |       |     1 |     2 |    15 |     4 ||    22
Armor: Robe              |     5 |     5 |       |       |       |    71 ||    81
       Leather armour    |       |    26 |    40 |     8 |       |       ||    74
       Acid dragon scale |       |       |       |   133 |       |       ||   133
       Troll leather arm |       |       |       |    20 |   245 |    13 ||   278
Dodge: Dodged            |    39 |    98 |   115 |   341 |   800 |   482 ||  1875
       Repelled          |       |       |       |       |    11 |    26 ||    37
Block: Other             |       |       |       |       |       |    78 ||    78
       Reflection        |       |       |       |       |       |    29 ||    29
       Rpst.: Scimitar   |       |       |       |    73 |    54 |       ||   127
       Great sword       |       |       |       |       |    27 |    55 ||    82

Table legend: (Time is in decaauts)
 A = Elapsed time spent in this place.
 B = Non-inter-level travel time spent in this place.
 C = Inter-level travel time spent in this place.
 D = Time resting spent in this place.
 E = Time spent auto-exploring this place.
 F = Levels seen in this place.
 G = Mean time per level.
                   A        B        C        D        E       F      G
               +--------+--------+--------+--------+--------+-----+--------+
         Total |  49269 |  46310 |   2959 |   7577 |  30875 |  33 | 1493.0 |
       Dungeon |  20333 |  18560 |   1773 |   2426 |  12961 |  15 | 1355.5 |
        Temple |     52 |     42 |     10 |      0 |     34 |   1 |   52.0 |
          Lair |   9838 |   9477 |    361 |   2536 |   5682 |   6 | 1639.7 |
        Shoals |   4996 |   4832 |    164 |    260 |   3864 |   4 | 1249.0 |
     Snake Pit |  11161 |  10680 |    481 |   2150 |   6557 |   4 | 2790.2 |
  Orcish Mines |   2314 |   2146 |    168 |    205 |   1412 |   2 | 1157.0 |
        Bailey |    571 |    571 |      0 |      0 |    364 |   1 |  571.0 |
               +--------+--------+--------+--------+--------+-----+--------+

Top non-repeatable levels by time:
 Snake:4: 5279 daAuts
  Lair:6: 3492 daAuts
 Snake:3: 2934 daAuts
    D:12: 2292 daAuts
Shoals:1: 2062 daAuts
     D:7: 2005 daAuts
     D:2: 1899 daAuts
     D:6: 1831 daAuts
    D:14: 1648 daAuts
   Orc:2: 1646 daAuts
  Lair:1: 1516 daAuts
 Snake:2: 1485 daAuts
Shoals:2: 1483 daAuts
 Snake:1: 1462 daAuts
  Lair:3: 1450 daAuts
